 Dungeon Crawl Stone Soup version 0.29-a0-352-g0917bc69df (webtiles) character file.

Game seed: 17431586564909848736

196 spaghetti the Slinger (level 5, -6/36 (41) HPs)
             Began as a Gnoll Wanderer on Apr 24, 2022.
             Was a Believer of Jiyva.
             Mangled by a wight
             ... wielding a +0 scimitar
              (16 damage)
             ... on level 4 of the Dungeon.
             The game lasted 00:03:19 (2225 turns).

spaghetti the Slinger (Gnoll Wanderer)              Turns: 2225, Time: 00:03:19

HP:   -6/36 (41)    AC:  4    Str: 11    XL:     5   Next: 75%
MP:   7/7           EV: 11    Int: 21    God:    Jiyva [**....]
Gold: 65            SH:  5    Dex: 15    Spells: 7/7 levels left

rFire   . . .      SeeInvis +   a - +2 hunting sling {sling}
rCold   . . .      Faith    .   c - +0 buckler
rNeg    . . .      Spirit   .   e - +0 leather armour
rPois   +          Reflect  .   (no helmet)
rElec   .          Harm     .   o - +0 cloak of Decif {rPois Int+9 Dex-4 Stlth+}
rCorr   +          Rampage  .   (no gloves)
Will    .....                   (no boots)
Stlth   +++.......              (no amulet)
HPRegen 1.08/turn               n - ring of see invisible
MPRegen 0.40/turn               t - ring of the Ferocious God {+Blink rPois Dex+6}

@: heavily drained
A: fangs 1, strong nose, distributed training
a: Renounce Religion, Evoke Blink


You were on level 4 of the Dungeon.
You worshipped Jiyva.
Jiyva was pleased with you.
You visited 1 branch of the dungeon, and saw 4 of its levels.

You collected 65 gold pieces.


Innate Abilities, Weirdness & Mutations

You have very sharp teeth.
Your uncanny sense of smell can sniff out nearby items.
Your experience applies equally to all skills.


   Skills:
 + Level 3.0 Fighting
 + Level 1.6 Short Blades
 + Level 1.6 Long Blades
 + Level 1.6 Axes
 + Level 1.6 Maces & Flails
 + Level 4.8 Polearms
 + Level 1.6 Staves
 + Level 8.7 Slings
 + Level 1.6 Bows
 + Level 1.6 Crossbows
 + Level 1.6 Throwing
 + Level 1.6 Armour
 + Level 1.6 Dodging
 + Level 1.6 Stealth
 + Level 4.8 Shields
 + Level 1.6 Unarmed Combat
 + Level 1.6 Spellcasting
 + Level 1.3 Conjurations
 + Level 1.3 Hexes
 + Level 1.3 Summonings
 + Level 1.3 Necromancy
 + Level 1.3 Translocations
 + Level 1.3 Transmutations
 + Level 1.3 Fire Magic
 + Level 1.3 Ice Magic
 + Level 1.3 Air Magic
 + Level 1.3 Earth Magic
 + Level 1.3 Poison Magic
 + Level 1.8 Invocations
 + Level 3.0 Evocations


You had 7 spell levels left.
You didn't know any spells.
Your spell library was empty.

Inventory:

Hand Weapons
 a - a +2 hunting sling (weapon) {sling}
 b - a +0 spear {polearm}
 h - a +0 dagger of venom {short}
   (You took it off a goblin on level 1 of the Dungeon)
Missiles
 f - 90 stones {throwing}
Armour
 c - a +0 buckler (worn)
 e - a +0 leather armour (worn)
 o - the +0 cloak of Decif (worn) {rPois Int+9 Dex-4 Stlth+}
   (You found it on level 3 of the Dungeon)

   Int:       It affects your intelligence (+9).
   Dex:       It affects your dexterity (-4).
   rPois:     It protects you from poison.
   Stlth:     It makes you more stealthy.
Magical Staves
 p - a staff of poison {!astaff}
   (You found it on level 3 of the Dungeon)
Jewellery
 l - a ring of ice
   (You found it on level 2 of the Dungeon)
 n - a ring of see invisible (left hand)
   (You found it on level 3 of the Dungeon)
 t - the ring of the Ferocious God (right hand) {+Blink rPois Dex+6}
   (You found it on level 3 of the Dungeon)

   [ring of dexterity]

   Dex:       It affects your dexterity (+6).
   rPois:     It protects you from poison.
   +Blink:    It lets you blink.
Scrolls
 d - 2 scrolls of teleportation {@r4}
 m - 2 scrolls of identify {@r1}
 s - a scroll of torment {!r}
Potions
 q - a potion of resistance

Dungeon Overview and Level Annotations

Branches:
Dungeon (4/15)
 Temple: D:4-7

Altars:
Jiyva

#. #.# #. #.#
#..#.. .. .
#..#.###....
..##.......h...
..†...#h#
.....S#h###
.......z<.#..#
.......@.....#
................
................
................
..##..###..#.##.
.. #.. ..#.# ##.
... . #. ....


You could see a wight (ally target), a friendly adder (summoned) and 2 friendly
jackals.


Message History

You hear a distant slurping noise.
You shoot a sling bullet.
The sling bullet hits the wight but does no damage.
You shoot a sling bullet.
The sling bullet hits the wight but does no damage.
You hear a distant slurping noise.
You shoot a sling bullet. The sling bullet hits the wight!
The wight hits you with a +0 scimitar!
You feel drained. 😕 HP[-7]
You now have 40 max hp (-1).
You take 7 damage, and now have 34/40 hp.
Unknown command.
b - a +0 spear (weapon)
{polearm} You hit the wight but do no damage.
The wight hits you with a +0 scimitar. 😮 HP[-4]
You take 4 damage, and now have 30/40 hp.
You barely miss the wight. You bite the wight, but do no damage.
You block the wight's attack. 😕 HP[+1]
You hit the wight but do no damage. The wight hits you with a +0 scimitar!
* * * LOW HITPOINT WARNING * * *
You feel drained.
* * * LOW HITPOINT WARNING * * *
😨 HP[-12]
You now have 38 max hp (-2).
You take 12 damage, and now have 19/38 hp.
MASSIVE DAMAGE!! (PAUSE)
You hit the wight but do no damage. The wight barely misses you. 😮 HP[+1]
You closely miss the wight. You bite the wight, but do no damage.
The wight completely misses you. 😮 HP[+1]
You hit the wight. The wight hits you with a +0 scimitar!
* * * LOW HITPOINT WARNING * * *
😨 HP[-8]
You take 8 damage, and now have 13/38 hp.
MASSIVE DAMAGE!! (PAUSE) Unknown command.
You hit the wight but do no damage. Your bite misses the wight.
The wight hits you with a +0 scimitar!
* * * LOW HITPOINT WARNING * * *
You feel drained.
* * * LOW HITPOINT WARNING * * *
😱 HP[-11]
You now have 36 max hp (-2).
You take 11 damage, and now have 2/36 hp.
MASSIVE DAMAGE!! (PAUSE)
Okay, then.
As you read the scroll of summoning, it crumbles to dust.
Wisps of shadow whirl around you...
You hear a distant slurping noise.
The wight hits you with a +0 scimitar.
* * * LOW HITPOINT WARNING * * *
Unknown command.
Unknown command.
Okay, then.
Okay, then.
Your jackal bites the wight but does no damage.
Your adder bites the wight. 😱 HP[+1]
You swap places.
Your jackal bites the wight but does no damage.
Your giant cockroach bites the wight but does no damage.
The wight hits your jackal with a +0 scimitar!
Your jackal dies!
Your jackal's corpse dissolves into shadows! 😱 HP[+1]
Your jackal bites the wight but does no damage.
Your adder barely misses the wight.
Your giant cockroach bites the wight but does no damage.
The wight hits your giant cockroach with a +0 scimitar!
Your giant cockroach dies!
Your giant cockroach's corpse dissolves into shadows! 😱 HP[+1]
a - a +2 hunting sling (weapon)
{sling} Your adder bites the wight but does no damage. 😱 HP[+1] Fire: a) +2 hunting sling {sling}
Press: ? - help, Q - select action, (/) - cycle Shift-Dir - straight line, f/p - wight
Aim: a wight, wielding a +0 scimitar and wearing a +1 robe of positive energy (severely damaged, not watching you, ally target, 64% to hit)
You shoot a sling bullet.
The sling bullet hits the wight but does no damage.
Your jackal bites the wight but does no damage.
Your jackal barely misses the wight.
Your adder barely misses the wight. 😱 HP[+1] Fire: a) +2 hunting sling {sling}
Press: ? - help, Q - select action, (/) - cycle Shift-Dir - straight line, f/p - wight
Aim: a wight, wielding a +0 scimitar and wearing a +1 robe of positive energy (severely damaged, ally target, 64% to hit)
You shoot a sling bullet. The sling bullet hits the wight.
Your jackal closely misses the wight.
You hear a distant slurping noise. 😱 HP[+1] Fire: a) +2 hunting sling {sling}
Press: ? - help, Q - select action, (/) - cycle Shift-Dir - straight line, f/p - wight
Aim: a wight, wielding a +0 scimitar and wearing a +1 robe of positive energy (severely damaged, ally target, 64% to hit)
You shoot a sling bullet.
The sling bullet hits the wight but does no damage.
The wight hits you with a +0 scimitar!
You die...

Skill      XL: |  1  2  3  4  5 |
---------------+----------------+-----
Invocations    | 1 |  1.8
Short Blades   | 1 |  1.6
Long Blades    | 1 |  1.6
Axes           | 1 |  1.6
Maces & Flails | 1 |  1.6
Staves         | 1 |  1.6
Bows           | 1 |  1.6
Crossbows      | 1 |  1.6
Throwing       | 1 |  1.6
Armour         | 1 |  1.6
Dodging        | 1 |  1.6
Stealth        | 1 |  1.6
Unarmed Combat | 1 |  1.6
Spellcasting   | 1 |  1.6
Conjurations   | 1 |  1.3
Hexes          | 1 |  1.3
Summonings     | 1 |  1.3
Necromancy     | 1 |  1.3
Translocations | 1 |  1.3
Transmutations | 1 |  1.3
Fire Magic     | 1 |  1.3
Ice Magic      | 1 |  1.3
Air Magic      | 1 |  1.3
Earth Magic    | 1 |  1.3
Poison Magic   | 1 |  1.3
Fighting       | 3 |  3.0
Evocations     | 3 |  3.0
Polearms       | |  4.8
Slings         | |  8.7
Shields        | |  4.8

Action                   |  1- 3 |  4- 6 || total
-------------------------+-------+-------++-------
Melee: Spear             |       |     7 ||     7
       Bite              |       |     2 ||     2
 Fire: Hunting sling     |   101 |    63 ||   164
  Use: Scroll            |       |     5 ||     5
       Potion            |       |     3 ||     3
Armor: Leather armour    |    11 |    10 ||    21
Dodge: Dodged            |    30 |     7 ||    37
Block: Buckler           |     7 |     5 ||    12

Levels and vault maps discovered:
D:1:      saegor_arrival_under_anarchy, layout_basic,
          ebering_ecumenical_altar_ruins
D:2:      layout_rooms
D:3:      layout_basic, chequers_serial_rivers_marsh
D:4:      dreamdust_elfheim, layout_basic, temple_pool_b

Notes
Turn   | Place    | Note
-------+----------+-------------------------------------------
     0 | D:1      | spaghetti the Gnoll Wanderer began the quest for the Orb.
     0 | D:1      | spaghetti set off with the following items: a +2 hunting
                  | sling {sling}, a +0 spear {polearm}, a +0 buckler, a scroll
                  | of teleportation {@r4}, a +0 leather armour
     0 | D:1      | Reached XP level 1. HP: 17/17 MP: 1/1
     0 | D:1      | magus.rc [v1.9.6]
   235 | D:1      | Reached XP level 2. HP: 23/23 MP: 2/2
   477 | D:1      | Found a faded altar of an unknown god.
   498 | D:1      | Prayed at the altar of an unknown god.
   498 | D:1      | Became a worshipper of Jiyva Jetoheo the Shapeless
   498 | D:1      | Reached * piety under Jiyva
   780 | D:2      | Reached XP level 3. HP: 28/28 MP: 2/4
   931 | D:2      | Reached skill level 1 in Invocations
  1001 | D:2      | Reached ** piety under Jiyva
  1153 | D:3      | Noticed a necrophage
  1168 | D:3      | Killed a necrophage
  1169 | D:3      | Reached skill level 1 in Short Blades
  1169 | D:3      | Reached skill level 1 in Long Blades
  1169 | D:3      | Reached skill level 1 in Axes
  1169 | D:3      | Reached skill level 1 in Maces & Flails
  1169 | D:3      | Reached skill level 1 in Staves
  1169 | D:3      | Reached skill level 1 in Bows
  1169 | D:3      | Reached skill level 1 in Crossbows
  1169 | D:3      | Reached skill level 1 in Throwing
  1169 | D:3      | Reached skill level 1 in Armour
  1169 | D:3      | Reached skill level 1 in Dodging
  1169 | D:3      | Reached skill level 1 in Stealth
  1169 | D:3      | Reached skill level 1 in Unarmed Combat
  1169 | D:3      | Reached skill level 1 in Spellcasting
  1169 | D:3      | Reached skill level 1 in Conjurations
  1169 | D:3      | Reached skill level 1 in Hexes
  1169 | D:3      | Reached skill level 1 in Summonings
  1169 | D:3      | Reached skill level 1 in Necromancy
  1169 | D:3      | Reached skill level 1 in Translocations
  1169 | D:3      | Reached skill level 1 in Transmutations
  1169 | D:3      | Reached skill level 1 in Fire Magic
  1169 | D:3      | Reached skill level 1 in Ice Magic
  1169 | D:3      | Reached skill level 1 in Air Magic
  1169 | D:3      | Reached skill level 1 in Earth Magic
  1169 | D:3      | Reached skill level 1 in Poison Magic
  1169 | D:3      | Reached XP level 4. HP: 33/34 MP: 5/5
  1178 | D:3      | Identified the +0 cloak of Decif {rPois Int+9 Dex-4 Stlth+}
  1434 | D:3      | Reached XP level 5. HP: 40/40 MP: 5/7
  1721 | D:3      | Identified the ring of the Ferocious God {+Blink rPois
                  | Dex+6}
  1776 | D:3      | Reached skill level 3 in Fighting
  1776 | D:3      | Reached skill level 3 in Evocations
  2217 | D:4      | HP: 6/38 [wight/+0 scimitar (8)]
  2217 | D:4      | HP: 2/36 [wight/+0 scimitar (4)]
  2225 | D:4      | Mangled by a wight

Vanquished Creatures
  A necrophage (D:3)
  An orc priest (D:3)
  2 orc wizards (D:3)
  3 adders
  A worm (D:3)
  An orc (D:3)
  A ball python (D:1)
  4 bats
  An endoplasm (D:1)
  2 giant cockroaches
  6 goblins
  A hobgoblin (D:1)
  5 jackals
  3 quokkas
  A kobold (D:1)
  4 rats
37 creatures vanquished.

Vanquished Creatures (others)
  A ball python (D:3)
  An endoplasm (D:2)
  4 jackals
  A bat (D:1)
  A rat (D:3)
8 creatures vanquished.

Grand Total: 45 creatures vanquished

Table legend:
 A = Non-vault XP
 B = Vault XP
 C = Vault XP percentage of total XP
 D = Non-vault monster count
 E = Vault monster count
 F = Vault count percentage of total count
                 A         B        C        D         E       F
            +---------+---------+-------+---------+---------+-------
      Total |     281 |       0 |   0.0 |      37 |       0 |   0.0
            +---------+---------+-------+---------+---------+-------
        D:1 |      32 |       0 |   0.0 |      18 |       0 |   0.0
        D:2 |      22 |       0 |   0.0 |       6 |       0 |   0.0
        D:3 |     225 |       0 |   0.0 |      12 |       0 |   0.0
        D:4 |       2 |       0 |   0.0 |       1 |       0 |   0.0
            +---------+---------+-------+---------+---------+-------

Illustrated notes

Table legend:
 A = Kills in this place as a percentage of kills in entire the game.
 B = Kills by you in this place as a percentage of kills by you in the entire game.
 C = Kills by friends in this place as a percentage of kills by friends in the entire game.
 D = Other kills in this place as a percentage of other kills in the entire game.
 E = Experience gained in this place as a percentage of experience gained in the entire game.
 F = Experience gained in this place divided by the number of levels of this place that you have seen.
                   A       B       C       D       E      F
               +-------+-------+-------+-------+-------+----------------------
         Total | 100.0 | 100.0 |   N/A |   N/A | 100.0 |  70.2
       Dungeon | 100.0 | 100.0 |   N/A |   N/A | 100.0 |  70.2
               +-------+-------+-------+-------+-------+----------------------

Table legend: (Time is in decaauts)
 A = Elapsed time spent in this place.
 B = Non-inter-level travel time spent in this place.
 C = Inter-level travel time spent in this place.
 D = Time resting spent in this place.
 E = Time spent auto-exploring this place.
 F = Levels seen in this place.
 G = Mean time per level.
                   A        B        C        D        E       F      G
               +--------+--------+--------+--------+--------+-----+--------+
         Total |   2250 |   2177 |     73 |    189 |   1705 |   4 |  562.5 |
       Dungeon |   2250 |   2177 |     73 |    189 |   1705 |   4 |  562.5 |
               +--------+--------+--------+--------+--------+-----+--------+

Top non-repeatable levels by time:
     D:3: 1062 daAuts
     D:1: 758 daAuts
     D:2: 406 daAuts
     D:4: 23 daAuts
